 Dungeon Crawl Stone Soup version 0.32-a0-22-g6ae6769602 (webtiles) character file.

Game seed: 10928562202137469140

74 jasper the Cudgeller (level 4, 0/35 HPs)
             Began as a Mummy Berserker on Jan 18, 2024.
             Was a Believer of Trog.
             Slain by a wight
             ... wielding a +3 short sword of freezing
              (1 damage)
             ... on level 3 of the Dungeon.
             The game lasted 00:04:04 (2232 turns).

jasper the Cudgeller (Mummy Berserker)              Turns: 2232, Time: 00:04:05

Health: 0/35       AC:  6    Str: 28    XL:     4   Next: 9%
Magic:  4/4        EV: 10    Int:  6    God:    Trog [**....]
Gold:   124        SH:  0    Dex: 11    Spells: 3/3 levels left

rFire   x . .        a - +0 mace
rCold   + . .        (no shield)
rNeg    + + +        e - +0 scale mail
rPois   ∞            (no helmet)
rElec   .            (no cloak)
rCorr   .            (no gloves)
SInv    .            (no boots)
Will    ++...        (no amulet) Stlth
                     d - +6 ring of strength
HPRegen 1.25/turn    (no ring)
MPRegen 0.09/turn

%: faith
@: strong-willed, regenerating
A: cold resistance 1, negative energy resistance 3, torment resistance 2, heat
vulnerability 1, in touch with death 1, no potions, faith
a: Renounce Religion, Trog's Hand


You were on level 3 of the Dungeon.
You worshipped Trog.
Trog was pleased with you.
You visited 1 branch of the dungeon, and saw 3 of its levels.

You collected 124 gold pieces.

Inventory:

Hand Weapons
 a - a +0 mace (weapon)
Missiles
 c - 2 curare-tipped darts
 g - 11 stones
 h - 6 poisoned darts
 i - 4 boomerangs (quivered)
Armour
 b - a +0 animal skin
 e - a +0 scale mail (worn)
Jewellery
 d - a +6 ring of strength (left hand)
Scrolls
 j - a scroll of brand weapon
 k - a scroll of fear


   Skills:
 - Level 3.0 Fighting
 * Level 4.1 Maces & Flails
 - Level 1.5 Armour
 - Level 1.5 Dodging


You had 3 spell levels left.
You didn't know any spells.
Your spell library was empty.

Dungeon Overview and Level Annotations

Branches:
Dungeon (3/15)

Altars:

Shops:
D:2 [


Innate Abilities, Weirdness & Mutations

You are immune to poison.
Your flesh is cold resistant. (rC+)
You are immune to negative energy. (rN+++)
You are immune to unholy pain and torment.
You are vulnerable to heat. (rF-)
You are in touch with the powers of death.
You do not drink.
You have a special connection with the divine. (Faith)


Message History

You see here a +0 ring mail.
Found a mace.
A wight comes into view.
It is wielding a +3 short sword of freezing.
Found 9 gold pieces.
You start waiting.
A wight is nearby!
You hit the wight.
The wight is lightly damaged.
The wight hits you with a +3 short sword of freezing.
You take 5 damage, and have 30/35 hp.
You closely miss the wight.
The wight is lightly damaged.
The wight hits you with a +3 short sword of freezing!
The wight freezes you.
You take 10 damage, and have 20/35 hp.
MASSIVE DAMAGE!!
You barely miss the wight.
The wight is lightly damaged.
The wight hits you with a +3 short sword of freezing!
The wight freezes you. The wight barely misses you.
You take 7 damage, and have 13/35 hp.
You hit the wight.
The wight is moderately damaged.
The wight hits you with a +3 short sword of freezing.
* * * LOW HITPOINT WARNING * * *
You take 4 damage, and have 9/35 hp.
Your skin crawls.
You feel strong-willed. The wight closely misses you.
You hit the wight.
The wight is severely damaged.
The wight hits you with a +3 short sword of freezing.
* * * LOW HITPOINT WARNING * * *
You take 1 damage, and have 9/35 hp.
You aren't carrying any items that you can evoke.
You hit the wight but do no damage.
The wight is severely damaged.
The wight hits you with a +3 short sword of freezing!
* * * LOW HITPOINT WARNING * * *
The wight freezes you.
You die...

###### ######## .....#
#......# ####.# #.####.#.##
#.# #.......... #.#
#).###.#.## #.# #..@...#
#.##### ##z##### #.....#
##.#.## #####.#
##.###.####### ##.###.#
#.## ##......#
###...##.####[###...###...
...............#....z......
###...##.######.#...###.z..
##.###.# #.#...# ..


You could see a wight.

Vanquished Creatures
  2 adders (D:2)
  2 dart slugs
  6 endoplasms
  4 giant cockroaches
  6 goblins
  6 hobgoblins
  2 kobolds
  2 quokkas
  4 ball pythons
  7 bats
  2 frilled lizards (D:1)
  4 rats
47 creatures vanquished.

Notes
Turn   | Place    | Note
-------+----------+-------------------------------------------
     0 | D:1      | jasper the Mummy Berserker began the quest for the Orb.
     0 | D:1      | Reached XP level 1. HP: 18/18 MP: 1/1
   303 | D:1      | Reached XP level 2. HP: 22/24 MP: 2/2
   332 | D:1      | Reached skill level 3 in Maces & Flails
   842 | D:1      | Reached ** piety under Trog
   843 | D:1      | Reached XP level 3. HP: 29/29 MP: 3/3
  1346 | D:2      | Found Owuih's Antique Armour Shop.
  1622 | D:2      | Reached skill level 4 in Maces & Flails
  1706 | D:2      | Found a faded altar of an unknown god.
  1717 | D:2      | Reached XP level 4. HP: 33/35 MP: 4/4
  2232 | D:3      | HP: 1/35 [wight/+3 short sword of freezing (9)]
  2232 | D:3      | Slain by a wight

Illustrated notes

Levels and vault maps discovered:
D:1:      onia_arrival_mini_maze_b, layout_loops_corners,
          ebering_dispersal_statue_hall, corexii_item_surrounded_by_moat
D:2:      layout_loops_corners, shapermc_ecumenical_altar_ellora, serial_shops,
          nicolae_shop_overgrown_old_shop, minmay_misc_feat_pillars
D:3:      layout_loops_corners, lemuel_crystal_altar, uniq_robin

Skill      XL: |  1  2  3 |
---------------+----------+-----
Maces & Flails | 3 4 |  4.1
Fighting       | |  3.0
Armour         | |  1.5
Dodging        | |  1.5

Action                     |  1- 3 |  4- 6 || total
---------------------------+-------+-------++-------
  Melee: Mace              |   101 |     6 ||   107
  Throw: Boomerang         |     7 |     1 ||     8
         Dart              |     4 |       ||     4
 Invoke: Trog's Hand       |       |     1 ||     1
    Use: Scroll            |     2 |     4 ||     6
 Armour: Animal skin       |    27 |       ||    27
         Scale mail        |    24 |     6 ||    30
  Dodge: Dodged            |    71 |     2 ||    73

Table legend: (Time is in decaauts)
 A = Elapsed time spent in this place.
 B = Non-inter-level travel time spent in this place.
 C = Inter-level travel time spent in this place.
 D = Time resting spent in this place.
 E = Time spent auto-exploring this place.
 F = Levels seen in this place.
 G = Mean time per level.
                   A        B        C        D        E       F      G
               +--------+--------+--------+--------+--------+-----+--------+
         Total |   2263 |   2228 |     35 |    138 |   1648 |   3 |  754.3 |
       Dungeon |   2263 |   2228 |     35 |    138 |   1648 |   3 |  754.3 |
               +--------+--------+--------+--------+--------+-----+--------+

Top non-repeatable levels by time:
     D:2: 1058 daAuts
     D:1: 1028 daAuts
     D:3: 177 daAuts
